 Dungeon Crawl Stone Soup version 0.22-a0-231-g1b571ea (webtiles) character file.

8 Amnesiac the Charlatan (level 2, -6/14 HPs)
             Began as a Spriggan Artificer on Feb 20, 2018.
             Killed from afar by Natasha (7 damage)
             ... with a magic dart
             ... on level 3 of the Dungeon.
             The game lasted 00:01:24 (415 turns).

Amnesiac the Charlatan (Spriggan Artificer)          Turns: 415, Time: 00:01:25

Health: -6/14      AC:  2    Str:  8    XL:     2   Next: 0%
Magic:  6/6        EV: 18    Int: 12    God:
Gold:   46         SH:  0    Dex: 16    Spells: 1/1 levels left

rFire    . . .     SeeInvis +   a - +0 short sword
rCold    . . .     Gourm    .   (shield restricted)
rNeg     . . .     Faith    .   b - +0 robe
rPois    .         Spirit   .   (helmet restricted)
rElec    .         Reflect  .   (no cloak)
rCorr    +         Harm     .   (gloves unavailable)
MR       .....                  (boots unavailable)
Stlth    ++........             (no amulet)
HPRegen  0.04/turn              g - ring of flight
MPRegen  0.10/turn              i - ring of resist corrosion

@: very quick
A: very small, unfitting armour, see invisible, herbivore, speed 3, slow
metabolism 2
a: Evoke Flight


You were on level 3 of the Dungeon.
You were not hungry.

You visited 1 branch of the dungeon, and saw 3 of its levels.

You collected 46 gold pieces.

Inventory:

Hand Weapons
 a - a +0 short sword (weapon)
Missiles
 k - 25 sling bullets
Armour
 b - a +0 robe (worn)
Jewellery
 g - a ring of flight (left hand)
 i - a ring of resist corrosion (right hand)
Wands
 c - a wand of flame (15)
 d - a wand of enslavement (11)
 e - a wand of random effects (13)
Scrolls
 h - a scroll of fear {!r, unknown}
 j - 3 scrolls of remove curse {!r, unknown}
Potions
 l - a potion of might {!q, unknown}
Comestibles
 f - 3 rations


   Skills:
 + Level 1.0 Fighting
 - Level 1.1 Short Blades
 + Level 3.3 Dodging
 - Level 1.5 Stealth
 * Level 4.4 Evocations


You had one spell level left.
You didn't know any spells.

Dungeon Overview and Level Annotations

Branches:
Dungeon (3/15)

Altars:

Annotations:
D:3 Natasha


Innate Abilities, Weirdness & Mutations

You are very small and have problems with some larger weapons.
You are too small for most types of armour.
You have supernaturally acute eyesight. (SInv)
You are a herbivore.
You cover ground extremely quickly.
You need consume almost no food.


Message History

Evoke which item? (* to show all) (? for menu, Esc to quit)
Aiming: Throw Flame
Press: ? - help, Shift-Dir - straight line, f/p - adder
Aim: an adder (fast)
Okay, then.
Evoke which item? (* to show all) (? for menu, Esc to quit)
Aiming: Enslavement
Press: ? - help, Shift-Dir - straight line, f/p - adder
Aim: an adder (fast, chance to defeat MR: 67%)
The adder is charmed.
The ball python bites your adder.
The ball python barely misses your adder.
The kobold hits you but does no damage.
You swap places.
The ball python completely misses you. The ball python grabs you.
The ball python constricts you.
Evoke which item? (* to show all) (? for menu, Esc to quit)
Aiming: Enslavement
Press: ? - help, Shift-Dir - straight line, f - ball python, p - adder
Aim: a ball python (constricting you, chance to defeat MR: 75%)
The ball python is charmed.
Your ball python releases its grip on you.
The kobold throws a stone.
The stone hits your ball python but does no damage.
The kobold hits your adder with a whip.
Unknown command.
The kobold closely misses your ball python.
The kobold barely misses your adder.
The kobold closely misses your ball python.
The kobold misses your adder. What are your orders? t - Shout!
Orders for allies: a - Attack new target. p - Attack previous target. r - Retreat! s - Stop attacking. g - Guard the area. f - Follow me.
Anything else - Cancel.
Gang up on whom?
Press: ? - help, Dir - move target cursor, f - kobold, p - ball python
Aim: a kobold
Okay, then.
What are your orders? t - Shout!
Orders for allies: a - Attack new target. p - Attack previous target. r - Retreat! s - Stop attacking. g - Guard the area. f - Follow me.
Anything else - Cancel.
Guard this area!
The kobold closely misses your ball python.
The kobold barely misses your adder.
Your ball python grabs the kobold.
Your ball python constricts the kobold.
The kobold hits your ball python.
Your ball python dies!
The kobold hits your adder with a whip.
Evoke which item? (* to show all) (? for menu, Esc to quit)
Aiming: Random Effects
Press: ? - help, Shift-Dir - straight line, f - kobold
Aim: a kobold The kobold suddenly stops moving!
The kobold dies!
You have reached level 2!
The kobold throws a stone.
The stone hits your adder.
Your adder dies!
Natasha stares at you and mumbles some strange words.
The magic dart hits you!
Ouch! That really hurt!
You die...

#.# #.# # #.# #. #.#
#.. #.#
>...#..####.#######
..................#
##....######.####.#
.....h)(@(g...###.###
####.K####K..........
#.. ##...###.### #..
#..## #.# #..# #
#####.# #..#
#.#...#.######..#
.#..###....S...K.#
..........(####..#


You could see Natasha, a goblin and 2 kobolds.

Vanquished Creatures
  A giant cockroach (D:3)
  2 kobolds
  2 bats (D:1)
  A frilled lizard (D:2)
  A rat (D:1)
7 creatures vanquished.

Vanquished Creatures (collateral kills)
  A kobold (D:3)
1 creature vanquished.

Vanquished Creatures (others)
  An adder (D:3)
  A ball python (D:3)
2 creatures vanquished.

Grand Total: 10 creatures vanquished

Notes
Turn   | Place    | Note
-------+----------+-------------------------------------------
     0 | D:1      | Amnesiac the Spriggan Artificer began the quest for the Orb.
     0 | D:1      | Reached XP level 1. HP: 9/9 MP: 4/4
   175 | D:2      | Reached skill level 1 in Fighting
   404 | D:3      | Noticed Natasha
   415 | D:3      | Reached XP level 2. HP: 1/14 MP: 6/6
   415 | D:3      | Killed from afar by Natasha

Vault maps used:
D:1:      kilobyte_arrival_exit_the_forest, minmay_nonomino_d4
D:2:      first_ration
D:3:      uniq_natasha

Skill      XL: |  1 |
---------------+----+-----
Fighting       | 1 |  1.0
Short Blades   | |  1.1
Dodging        | |  3.3
Stealth        | |  1.5
Evocations     | |  4.4

Action                   || total
-------------------------++-------
Melee: Short sword       ||    20
Evoke: Wand              ||     6
 Stab: Sleeping          ||     6
Armor: Robe              ||     2
Dodge: Dodged            ||    20

Table legend:
 A = Spawn XP
 B = Non-spawn XP
 C = Spawn XP percentage of total XP
 D = Spawn monster count
 E = Non-spawn monster count
 F = Spawn count percentage of total count
 G = Total turns spent on level
                    A         B        C        D         E        F      G
               +---------+---------+-------+---------+---------+-------+---------
         Total |       0 |      12 |   0.0 |       0 |       8 |   0.0 |   415
               +---------+---------+-------+---------+---------+-------+---------
           D:1 |       0 |       6 |   0.0 |       0 |       4 |   0.0 |   174
           D:2 |       0 |       3 |   0.0 |       0 |       2 |   0.0 |   133
           D:3 |       0 |       3 |   0.0 |       0 |       2 |   0.0 |   108
               +---------+---------+-------+---------+---------+-------+---------
